 Dungeon Crawl Stone Soup version 0.29.0-4-gdea44cf6ec (webtiles) character file.

Game seed: 13163900646669281706

3 qw the Sneak (level 1, -1/14 HPs)
             Began as a Gargoyle Delver on Sept 10, 2022.
             Slain by an iguana (8 damage)
             ... on level 5 of the Dungeon.
             The game lasted 00:00:03 (136 turns).

qw the Sneak (Gargoyle Delver)                       Turns: 136, Time: 00:00:04

Health: -1/14      AC:  5    Str: 15    XL:     1   Next: 50%
Magic:  1/1        EV: 11    Int: 10    God:
Gold:   0          SH:  0    Dex: 11    Spells: 0/0 levels left

rFire   . . .      SeeInvis .   a - +0 hand axe
rCold   . . .      Faith    .   (no shield)
rNeg    + . .      Spirit   .   b - +0 leather armour
rPois   inf        Reflect  .   (no helmet)
rElec   +          Harm     .   (no cloak)
rCorr   .          Rampage  .   (no gloves)
Will    .....                   (no boots)
Stlth   +++.......              (no amulet)
HPRegen 0.04/turn               (no ring)
MPRegen 0.07/turn               (no ring)

@: no status effects
A: sickness immunity, AC +2, negative energy resistance 1, electricity
resistance, torment resistance 1, petrification resistance
a: no special abilities


You were on level 5 of the Dungeon.
You visited 1 branch of the dungeon, and saw 1 of its levels.


Innate Abilities, Weirdness & Mutations

You are immune to sickness and miasma.
Your stone body is resilient. (AC +2)
You are immune to poison.
You resist negative energy. (rN+)
You are resistant to electric shocks. (rElec)
You are resistant to unholy torment.
You are immune to petrification.


   Skills:
 - Level 3.2 Fighting
 + Level 2.1 Axes
 - Level 1.5 Dodging
 - Level 5.4 Stealth


You couldn't memorise any spells.
You didn't know any spells.
Your spell library was empty.

Inventory:

Hand Weapons
 a - a +0 hand axe (weapon)
Armour
 b - a +0 leather armour (worn)
Wands
 g - a wand of digging (3)
Scrolls
 c - a scroll of fog
 d - a scroll of magic mapping
 e - a scroll of fear
Potions
 f - a potion of haste

Dungeon Overview and Level Annotations

Branches:
Dungeon (5/15)
 Temple: D:4-7

Altars:


Message History

The worm is almost dead.
The worm bites you.
You hit the worm.
You kill the worm!
Your Axes skill increases to level 2!
You start resting.
An iguana comes into view.
35 ||| Stepping ~*~*~tactically~*~*~ (stealth).
You start resting.
An iguana is nearby!
41 ||| Stepping ~*~*~tactically~*~*~ (stealth).
You see here a worm corpse.
You start resting.
An iguana is nearby!
72 ||| Stepping ~*~*~tactically~*~*~ (stealth).
73 ||| Stepping ~*~*~tactically~*~*~ (stealth).
You start resting.
An iguana is nearby!
97 ||| Stepping ~*~*~tactically~*~*~ (stealth).
You start resting.
An iguana is nearby!
102 ||| Stepping ~*~*~tactically~*~*~ (stealth).
You see here a worm corpse.
You start resting.
An iguana is nearby!
104 ||| Stepping ~*~*~tactically~*~*~ (stealth).
You start resting.
An iguana is nearby!
The iguana hisses angrily.
You hit the iguana.
The iguana is lightly wounded.
The iguana misses you.
You hit the iguana.
The iguana is moderately wounded.
The iguana barely misses you.
You hit the iguana but do no damage.
The iguana is lightly wounded.
The iguana bites you!
Ouch! That really hurt!
You die...

..# #.# #..
##l####### ...l....l
#......# ######## #.#
##.
#>.....####.####.....
#.##.#......l@...#
#.##...####.####.#
#.####.# #.# #.# #.#
#.# #.# #.# #.# #.#
#.# #.. #.. #.# ###
#.#


You could see an iguana.

Vanquished Creatures
  A worm (D:5)
1 creature vanquished.

Notes
Turn   | Place    | Note
-------+----------+-------------------------------------------
     0 | D:5      | qw the Gargoyle Delver began the quest for the Orb.
     0 | D:5      | Reached XP level 1. HP: 14/14 MP: 1/1
     0 | D:5      | 0 ||| qw: Version: 0.1-a-116-g5d60599
     0 | D:5      | 0 ||| qw: Game counter: 8383
     0 | D:5      | 0 ||| qw: Always use a shield: true
     0 | D:5      | 0 ||| qw: God list: Okawaru
     0 | D:5      | 0 ||| qw: Allow faded altars: false
     0 | D:5      | 0 ||| qw: Do Orc after D:15 true
     0 | D:5      | 0 ||| qw: Do second Lair branch before Depths: true
     0 | D:5      | 0 ||| qw: Lair rune preference: random
     0 | D:5      | 0 ||| qw: Plans: Normal
     0 | D:5      | 0 ||| PLANNING D:1-11
    25 | D:5      | HP: 3/14 [worm (2)]
    34 | D:5      | Noticed an iguana
    35 | D:5      | 35 ||| Stepping ~*~*~tactically~*~*~ (stealth).
    41 | D:5      | 41 ||| Stepping ~*~*~tactically~*~*~ (stealth).
    72 | D:5      | 72 ||| Stepping ~*~*~tactically~*~*~ (stealth).
    73 | D:5      | 73 ||| Stepping ~*~*~tactically~*~*~ (stealth).
    97 | D:5      | 97 ||| Stepping ~*~*~tactically~*~*~ (stealth).
   102 | D:5      | 102 ||| Stepping ~*~*~tactically~*~*~ (stealth).
   104 | D:5      | 104 ||| Stepping ~*~*~tactically~*~*~ (stealth).
   136 | D:5      | Slain by an iguana

Levels and vault maps discovered:
D:5:      layout_loops_ring, vehumet_crystals, trog_ov_bears_minmay,
          nicolae_overflow_crystal_walls, serial_shops, shop

Skill      XL: |  1 |
---------------+----+-----
Axes           | 2 |  2.1
Fighting       | |  3.2
Dodging        | |  1.5
Stealth        | |  5.4

Action                   || total
-------------------------++-------
Melee: Hand axe          ||    10
Armor: Leather armour    ||     1
Dodge: Dodged            ||     2

Table legend:
 A = Non-vault XP
 B = Vault XP
 C = Vault XP percentage of total XP
 D = Non-vault monster count
 E = Vault monster count
 F = Vault count percentage of total count
                 A         B        C        D         E       F
            +---------+---------+-------+---------+---------+-------
      Total |       5 |       0 |   0.0 |       1 |       0 |   0.0
            +---------+---------+-------+---------+---------+-------
        D:5 |       5 |       0 |   0.0 |       1 |       0 |   0.0
            +---------+---------+-------+---------+---------+-------
